 Dungeon Crawl Stone Soup version 0.32-a0-131-g9dbbe29261 (webtiles) character file.

Game seed: 12046973463769931981

6520 zeratav the Mimic (level 11, -6/115 HPs)
             Began as an Octopode Shapeshifter on Feb 8, 2024.
             Was an Initiate of Gozag.
             Mangled by a skeletal warrior
             ... wielding a +0 dire flail
              (14 damage)
             ... on level 9 of the Dungeon.
             The game lasted 00:23:45 (10029 turns).

zeratav the Mimic (Octopode Shapeshifter)          Turns: 10029, Time: 00:23:45

Health: -6/115     AC:  1    Str: 23    XL:     11   Next: 0%
Magic:  0/11       EV: 15    Int: 17    God:    Gozag
Gold:   541        SH:  0    Dex: 12    Spells: 10/10 levels left

rFire   . . .        t - +11 short sword "Taddio Qixyu" {vamp, *Noise rC+ rCorr Str+2, short}
rCold   + . .        (no shield)
rNeg    . . .        (helmet currently unavailable)
rPois   .            y - amulet of guardian spirit
rElec   .            l - ring of flight
rCorr   +            D - +6 ring of intelligence
SInv    .            (no ring)
Will    .....        (no ring) Stlth
                     (no ring)
HPRegen 0.39/turn    (no ring)
MPRegen 0.12/turn    (no ring)
                     (no ring)

%: clarity, guardian spirit
@: berserking (expiring), beast-form, gold aura, flying, very quick
A: beast (slay +4), almost no armour, amphibious, 8 rings, camouflage 1,
gelatinous body 1, (nimble swimmer 1), tentacles, antennae 1, clarity, strong 1,
wild magic 1
a: Begin Untransformation, Renounce Religion, Potion Petition, Call Merchant,
Bribe Branch


You were on level 9 of the Dungeon.
You worshipped Gozag.
Gozag was pleased with you.
You were a hulking beast.
You visited 2 branches of the dungeon, and saw 10 of its levels.
You also visited: Ossuary.

You collected 1097 gold pieces.
You spent 158 gold pieces at shops.
You paid 398 gold pieces to Gozag.


Innate Abilities, Weirdness & Mutations

You are a hulking beast.
Your limbs bulge with bestial killing power. (Slay +4)
You cannot wear most types of armour.
You are amphibious.
You can wear up to eight rings at the same time.
Your skin changes colour to match your surroundings (Stealth+).
Your rubbery body absorbs attacks. (AC +1, EV +1)
((You are camouflaged when in or above water. (Stealth+)))
You have tentacles for arms and can constrict up to eight enemies at once.
You have a pair of small antennae on your head.
You possess an exceptional clarity of mind.
Your muscles are strong. (Str +4, Int/Dex -1)
Your spells are a little harder to cast, but a little more powerful.


   Skills:
 - Level 8.0 Fighting
 - Level 6.0 Throwing
 - Level 6.0 Dodging
 - Level 5.0 Stealth
 - Level 6.0 Unarmed Combat
 + Level 9.5 Shapeshifting


You had 10 spell levels left.
You didn't know any spells.
Your spell library contained the following spells:

 Spells                   Type           Power      Damage    Failure   Level
 Apportation              Tloc           0%         N/A       32%         1
 Blink                    Tloc           0%         N/A       43%         2
 Jinxbite                 Hex            0%         N/A       43%         2
 Lesser Beckoning         Tloc           0%         N/A       43%         2
 Momentum Strike          Conj/Tloc      0%         3d8       43%         2
 Sublimation of Blood     Necr           0%         N/A       43%         2
 Inner Flame              Hex/Fire       0%         N/A       65%         3
 Summon Ice Beast         Ice/Summ       0%         N/A       65%         3
 Tukima's Dance           Hex            0%         N/A       65%         3
 Dimensional Bullseye     Hex/Tloc       0%         N/A       96%         4
 Iskenderun's Mystic Bla  Conj/Tloc      0%         2d3       96%         4
 Petrify                  Alch/Erth      0%         N/A       96%         4
 Alistair's Intoxication  Alch           0%         N/A       100%        5
 Irradiate                Conj/Alch      0%         3d11      100%        5
 Summon Mana Viper        Hex/Summ       0%         N/A       100%        5
 Monstrous Menagerie      Summ           0%         N/A       100%        7
 Ignition                 Fire           0%         3d3       100%        8

Inventory:

Hand Weapons
 t - the +11 short sword "Taddio Qixyu" (weapon) {vamp, *Noise rC+ rCorr Str+2, short}
   (You found it on level 5 of the Dungeon)

   Str+2:     It affects your strength (+2).
   rC+:       It protects you from cold.
   *Noise:    It may make a loud noise when swung.
   rCorr:     It protects you from acid and corrosion.
Missiles
 p - 30 poisoned darts {throwing}
 H - 3 atropa-tipped darts {throwing}
Jewellery
 l - a ring of flight (left tentacle)
   (You found it on level 2 of the Dungeon)
 y - an amulet of guardian spirit (around mantle)
   (You acquired it on level 9 of the Dungeon)
 A - an amulet of magic regeneration
   (You found it on level 6 of the Dungeon)
 D - a +6 ring of intelligence (right tentacle)
   (You found it in an ossuary)
Talismans
 b - a beast talisman
 c - a flux talisman
Wands
 d - a wand of paralysis (2)
   (You found it on level 4 of the Dungeon)
 s - a wand of acid (13) (quivered)
   (You took it off Ijyb on level 5 of the Dungeon)
 J - a wand of digging (4)
   (You found it on level 7 of the Dungeon)
Scrolls
 e - 2 scrolls of enchant armour
 h - 2 scrolls of amnesia
 m - 3 scrolls of teleportation {@r4}
 o - 2 scrolls of blinking {!r}
 r - 2 scrolls of fog
 w - a scroll of identify {@r1}
 x - 2 scrolls of immolation {!r!r}
 E - 2 scrolls of revelation
 F - a scroll of vulnerability {!r!r}
Potions
 a - 2 potions of lignification {!q}
 f - 2 potions of degeneration {unknown}
 g - 4 potions of curing {@q1}
 i - 3 potions of mutation {!q}
 j - 5 potions of heal wounds {@q2}
 k - a potion of ambrosia
 n - 2 potions of haste {unknown}
 q - 7 potions of enlightenment
 u - a potion of brilliance {unknown}
 v - 2 potions of cancellation {unknown}
 z - a potion of attraction {unknown}
 B - a potion of resistance {unknown}
 I - a potion of berserk rage {unknown}

Dungeon Overview and Level Annotations

Branches:
Dungeon (9/15) Zot: 26363  Temple (1/1) D:7 Zot: 5965 Ossuary (visited)
   Lair: D:8-11         Orc: D:9-12

Altars:
Ashenzari
Cheibriados
Dithmenos
Elyvilon
Fedhas
Gozag
Hepliaklqana
Kikubaaqudgha
Makhleb
Nemelex Xobeh
Okawaru
Qazlal
Ru
Sif Muna
Trog
Uskayaw
Vehumet
Wu Jian
Xom
Yredelemnul
The Shining One
Jiyva

Shops:
D:4 !   D:8 *   D:9 :

Annotations:
D:2 Sigmund
D:4 Edmund
D:7 exclusion: downstairs
D:8 exclusion: downstairs, Amaemon

#.# .. #.## #.# #..#
########'##### ###'######
.............#
#####........#
.............#
#...'........#
.............#
#.###.......∩#
#...........z###.#
#........#
#............zh..#
######'###
#......|.....##### ####..#
##########+### ###....##
#...#### ####'#########
##+######### #............#
#..........# #............#
#..........####............#
+..........#..'.......>....#


You could see 2 skeletal warriors.


Message History

The bolt of acid hits the skeletal warrior.
Aiming: Corrosive Bolt
Press: ? - help, Q - select action, (/) - cycle Shift-Dir - straight line, f/p - skeletal warrior
Aim: a skeletal warrior, wielding a +0 long sword and wearing a +0 robe (lightly damaged, 71% to hit)
The bolt of acid hits the skeletal warrior but does no damage.
Aiming: Corrosive Bolt
Press: ? - help, Q - select action, (/) - cycle Shift-Dir - straight line, f/p - skeletal warrior
Aim: a skeletal warrior, wielding a +0 long sword and wearing a +0 robe (lightly damaged, 71% to hit)
The bolt of acid hits the skeletal warrior! [a] - 210 gold - heal wounds and berserk rage [b] - 825 gold - haste, resistance, heal wounds and magic [c] - 280 gold - heal wounds and berserk rage Purchase which effect?
You no longer have enough gold to fund merchants seeking to open stores in the dungeon.
You feel much better.
A red film seems to cover your vision as you go berserk!
You feel yourself moving faster!
You feel mighty!
HP[+36]
You now have 108 max hp (+36).
Your hp is fully restored (108).
You barely miss the skeletal warrior. You grab the skeletal warrior.
You constrict the skeletal warrior, but do no damage.
The skeletal warrior hits you with a +0 long sword!!
HP[-26] MP[-2]
You take 26 damage, and now have 82/108 hp.
MASSIVE DAMAGE!! (PAUSE)
You lost 2 mp, and now have 8/10 mp.
You puncture the skeletal warrior!
Your short sword "Taddio Qixyu" goes toot-toot!
You constrict the skeletal warrior, but do no damage.
You hit the skeletal warrior but do no damage.
You constrict the skeletal warrior.
The skeletal warrior hits you with a +0 long sword!
HP[-10] MP[-1]
You take 10 damage, and now have 72/108 hp.
You lost 1 mp, and now have 7/10 mp.
You puncture the skeletal warrior! You tentacle-slap the skeletal warrior.
You constrict the skeletal warrior, but do no damage.
The skeletal warrior misses you.
You hit the skeletal warrior but do no damage.
You constrict the skeletal warrior, but do no damage.
HP[+1]
You hit the skeletal warrior but do no damage.
You tentacle-slap the skeletal warrior, but do no damage.
You squeeze the skeletal warrior! You constrict the skeletal warrior.
The skeletal warrior barely misses you.
You puncture the skeletal warrior!
You destroy the skeletal warrior!
Training target 8.0 for Fighting reached!
Your Fighting skill increases to level 8!
You need to enable at least one skill for training.
HP[+1]
You impale the skeletal warrior!! Your grab misses the skeletal warrior.
You tentacle-slap the skeletal warrior!
Your squeeze misses the skeletal warrior.
The skeletal warrior hits you with a +0 flail!
HP[-6] MP[-1]
You take 6 damage, and now have 68/108 hp.
You lost 1 mp, and now have 6/10 mp.
You hit the skeletal warrior but do no damage.
You grab the skeletal warrior. You squeeze the skeletal warrior!
You constrict the skeletal warrior, but do no damage.
You puncture the skeletal warrior! You squeeze the skeletal warrior.
You destroy the skeletal warrior!
Your Shapeshifting skill increases to level 9!
You puncture the skeletal warrior! Your grab misses the skeletal warrior.
The skeletal warrior hits you with a +0 scimitar!
HP[-10] MP[-1]
You take 10 damage, and now have 58/108 hp.
You lost 1 mp, and now have 5/10 mp.
You completely miss the skeletal warrior.
Your grab misses the skeletal warrior. You tentacle-slap the skeletal warrior.
MP[+1]
You hit the skeletal warrior. You grab the skeletal warrior.
You squeeze the skeletal warrior.
You constrict the skeletal warrior, but do no damage.
The skeletal warrior barely misses you.
You impale the skeletal warrior!! You tentacle-slap the skeletal warrior!
You constrict the skeletal warrior, but do no damage.
The skeletal warrior hits you with a +0 scimitar!!
* * * LOW HITPOINT WARNING * * *
The skeletal warrior hits you from afar with a +0 glaive!!
* * * LOW HITPOINT WARNING * * *
HP[-38] MP[-4]
You take 38 damage, and now have 20/108 hp.
MASSIVE DAMAGE!! (PAUSE)
You lost 4 mp, and now have 2/10 mp.
You puncture the skeletal warrior! You tentacle-slap the skeletal warrior.
You destroy the skeletal warrior!
You have reached level 11!
HP[+2]
You now have 115 max hp (+7).
You regained 2 hp, and now have 22/115 hp.
You are too berserk!
You puncture the skeletal warrior! You grab the skeletal warrior.
You squeeze the skeletal warrior. You constrict the skeletal warrior.
The skeletal warrior hits you from afar with a +0 glaive!
* * * LOW HITPOINT WARNING * * *
The skeletal warrior hits you with a +0 dire flail!
You die...
Your body crumbles into a pile of gold.

Skill      XL: |  1  2  3  4  5  6  7  8  9 10 |
---------------+-------------------------------+-----
Stealth        | 2 3 5 |  5.0
Fighting       | 3 4 5 6 8 |  8.0
Shapeshifting  | 4 6 8 9 |  9.5
Throwing       | 2 6 |  6.0
Unarmed Combat | 4 6 |  6.0
Dodging        | 3 6 |  6.0

Action                     |  1- 3 |  4- 6 |  7- 9 | 10-12 || total
---------------------------+-------+-------+-------+-------++-------
  Melee: Unarmed           |    48 |   103 |    99 |       ||   250
         Tentacles         |    12 |    18 |    69 |    21 ||   120
         Constrict         |    11 |    26 |    70 |    21 ||   128
         Punch             |       |    13 |    24 |    10 ||    47
         Short sword       |       |       |   185 |    80 ||   265
  Throw: Dart              |       |       |     6 |     7 ||    13
 Invoke: Potion Petition   |       |       |       |     1 ||     1
  Evoke: Wand              |       |       |     3 |     6 ||     9
    Use: Scroll            |       |     3 |     5 |     8 ||    16
         Potion            |       |     2 |     1 |     1 ||     4
   Stab: Sleeping          |    12 |     8 |    10 |     3 ||    33
         Paralysed         |       |       |     3 |       ||     3
 Armour: Skin              |    15 |    52 |   143 |    45 ||   255
  Dodge: Dodged            |    25 |    58 |   154 |    47 ||   284

Levels and vault maps discovered:
D:1:      sevenhm_arrival_forest_fort_small_3, layout_basic
D:2:      layout_basic, chequers_ecumenical_altar_grove, uniq_jessica,
          uniq_natasha, uniq_sigmund
D:3:      layout_rooms
D:4:      layout_loops_ring, led_xom_imps, nicolae_tso_besieged_by_evil,
          kennysheep_slug_shrine, serial_shops, shop, uniq_edmund, uniq_duvessa
D:5:      layout_basic, nemelex_altar_shiori, kennysheep_small_circle, uniq_ijyb
D:6:      layout_loops_corners, lemuel_tele_altar,
          nicolae_overflow_crystal_walls, mainiacjoe_overflow_small_starburst,
          nicolae_ashenzari_skybound, kiku_gazebo_garden_becter
D:7:      layout_cave_pools, mainiacjoe_overflow_brackets,
          mainiacjoe_overflow_boulevard, minmay_temple_entry_antechambers,
          serial_park, serial_park_avenue1, serial_park_tiny_2,
          serial_park_tiny_pond, serial_park_gazebo
          [serial_park_minivault_5x5_2], serial_park_square3
          [serial_park_minivault_5x5_5], mainiacjoe_ossuary_entry_find_the_door,
          uniq_jeremiah
D:8:      layout_loops_corners, old_standard_altar, serial_shops, shop,
          uniq_amaemon
D:9:      layout_roguey, serial_shops, shop, minmay_between
Temple:   pf_slimified_temple

Notes
Turn   | Place    | Note
-------+----------+-------------------------------------------
     0 | D:1      | zeratav the Octopode Shapeshifter began the quest for the
                  | Orb.
     0 | D:1      | Reached XP level 1. HP: 13/13 MP: 1/1
     0 | D:1      | magus.rc [v1.9.6]
    57 | D:1      | Reached skill level 1 in Stealth
    61 | D:1      | Reached skill level 2 in Stealth
   109 | D:1      | Reached XP level 2. HP: 9/18 MP: 2/2
   445 | D:1      | Reached skill level 3 in Stealth
   806 | D:1      | Reached XP level 3. HP: 22/23 MP: 3/3
   842 | D:1      | Reached skill level 4 in Stealth
   988 | D:2      | You pick up a book of Beasts and begin reading...
   988 | D:2      | You add the spells Summon Ice Beast, Summon Mana Viper and
                  | Monstrous Menagerie to your library.
  1175 | D:2      | Noticed Natasha
  1178 | D:2      | Killed Natasha
  1179 | D:2      | Reached skill level 5 in Stealth
  1232 | D:2      | Reached XP level 4. HP: 28/28 MP: 4/4
  1254 | D:2      | Noticed Sigmund
  1316 | D:2      | Noticed Jessica
  1321 | D:2      | Killed Jessica
  1322 | D:2      | Reached skill level 2 in Fighting
  1651 | D:2      | Found a faded altar of an unknown god.
  1714 | D:2      | Noticed Natasha
  1724 | D:2      | Killed Natasha
  1858 | D:2      | Noticed Natasha
  1866 | D:2      | Killed Natasha
  1867 | D:2      | Reached skill level 3 in Fighting
  1867 | D:2      | Reached XP level 5. HP: 32/36 MP: 5/5
  2320 | D:3      | Reached skill level 4 in Fighting
  2374 | D:3      | Reached XP level 6. HP: 41/44 MP: 6/6
  2737 | D:4      | Reached skill level 5 in Fighting
  2830 | D:4      | HP: 9/45 [gnoll/+0 quarterstaff (11)]
  2831 | D:4      | Gained mutation: You have a pair of small antennae on your
                  | head. [potion of mutation]
  2831 | D:4      | Gained mutation: Your muscles are strong. (Str +4, Int/Dex
                  | -1) [potion of mutation]
  2831 | D:4      | Gained mutation: Your spells are a little harder to cast,
                  | but a little more powerful. [potion of mutation]
  2831 | D:4      | Gained mutation: You possess an exceptional clarity of
                  | mind. [potion of mutation]
  2831 | D:4      | HP: 3/45 [gnoll/+0 spear (6)]
  2843 | D:4      | HP: 7/45 [gnoll/+0 spear (6)]
  2844 | D:4      | HP: 2/45 [gnoll/+0 spear (5)]
  3050 | D:4      | You pick up a book of Party Tricks and begin reading...
  3050 | D:4      | You add the spells Apportation, Jinxbite and Alistair's
                  | Intoxication to your library.
  3105 | D:4      | Found a shimmering altar of Xom.
  3112 | D:4      | Reached skill level 4 in Shapeshifting
  3117 | D:4      | Reached XP level 7. HP: 39/50 MP: 7/7
  3127 | D:4      | You pick up a book of Spontaneous Combustion and begin
                  | reading...
  3127 | D:4      | You add the spells Inner Flame, Irradiate and Ignition to
                  | your library.
  3251 | D:4      | Found a snail-covered altar of Cheibriados.
  3328 | D:4      | Found a glowing golden altar of the Shining One.
  3417 | D:4      | Noticed Dowan
  3438 | D:4      | Found Ukkukhyl's Distillery.
  3451 | D:4      | Noticed Duvessa
  3452 | D:4      | Bought a potion of invisibility for 80 gold pieces
  3452 | D:4      | Bought a potion of curing for 30 gold pieces
  3480 | D:4      | Reached skill level 5 in Shapeshifting
  3567 | D:4      | Noticed Edmund
  3743 | D:4      | Killed Duvessa
  3748 | D:4      | Killed Dowan
  3749 | D:4      | Reached skill level 6 in Shapeshifting
  4226 | D:5      | Entered Level 5 of the Dungeon
  4253 | D:5      | You pick up a book of Spatial Translocations and begin
                  | reading...
  4253 | D:5      | You add the spells Blink, Momentum Strike and Lesser
                  | Beckoning to your library.
  4272 | D:5      | You pick up a book of Weapons and begin reading...
  4272 | D:5      | You add the spells Tukima's Dance, Dimensional Bullseye and
                  | Iskenderun's Mystic Blast to your library.
  4306 | D:5      | Reached XP level 8. HP: 29/55 MP: 8/8
  4441 | D:5      | HP: 13/55 [ice beast (9)]
  4596 | D:5      | HP: 8/55 [ice beast (8)]
  4964 | D:5      | Noticed Ijyb
  4985 | D:5      | Killed Ijyb
  4986 | D:5      | Reached skill level 7 in Shapeshifting
  5008 | D:5      | Identified the +11 short sword "Taddio Qixyu" {vamp, *Noise
                  | rC+ rCorr Str+2}
  5125 | D:5      | Reached skill level 8 in Shapeshifting
  5179 | D:5      | Found a sparkling altar of Nemelex Xobeh.
  5238 | D:5      | Reached skill level 1 in Throwing
  5442 | D:6      | Found a broken altar of Ashenzari.
  5494 | D:6      | Found a bloodstained altar of Trog.
  5529 | D:6      | Found a radiant altar of Vehumet.
  5536 | D:6      | Reached skill level 2 in Throwing
  5578 | D:6      | Reached skill level 4 in Unarmed Combat
  5648 | D:6      | Found a stormy altar of Qazlal.
  5674 | D:6      | Reached XP level 9. HP: 42/61 MP: 9/9
  5829 | D:6      | Reached skill level 3 in Throwing
  5942 | D:6      | Found an ancient bone altar of Kikubaaqudgha.
  6165 | D:6      | Reached skill level 5 in Unarmed Combat
  6574 | D:7      | Found a staircase to the Ecumenical Temple.
  6583 | Temple   | Entered the Ecumenical Temple
  6600 | Temple   | Became a worshipper of Gozag Ym Sagoz the Greedy
  6735 | D:7      | Reached skill level 4 in Throwing
  6793 | D:7      | Found a sand-covered staircase.
  6805 | D:7      | Reached skill level 5 in Throwing
  6805 | D:7      | Reached skill level 6 in Unarmed Combat
  6812 | Ossuary  | Entered an ossuary
  7050 | Ossuary  | Reached skill level 6 in Throwing
  7241 | D:7      | Reached skill level 3 in Dodging
  7243 | D:7      | Noticed Jeremiah
  7510 | D:7      | Reached skill level 6 in Fighting
  7510 | D:7      | Reached XP level 10. HP: 49/68 MP: 10/10
  7540 | D:7      | HP: 13/61 [Jeremiah/+3 trident of draining (3)]
  7541 | D:7      | HP: 3/60 [Jeremiah/divine providence (10)]
  7564 | D:7      | Found a hide-covered altar of Uskayaw.
  7755 | D:7      | Reached skill level 4 in Dodging
  7921 | D:7      | Killed Jeremiah
  8072 | D:7      | Found a shadowy altar of Dithmenos.
  8430 | D:8      | Reached skill level 5 in Dodging
  8435 | D:8      | Reached skill level 7 in Fighting
  8553 | D:8      | Noticed a two-headed ogre
  8626 | D:8      | Noticed Amaemon
  8852 | D:8      | Found Geagheot's General Store.
  8859 | D:8      | Bought a scroll of fog for 48 gold pieces
  8888 | D:8      | Found a sacrificial altar of Ru.
  8992 | D:8      | You pick up a book of Transmutation and begin reading...
  8992 | D:8      | You add the spells Sublimation of Blood and Petrify to your
                  | library.
  9358 | D:8      | Noticed an orange demon
  9566 | D:9      | Noticed a skeletal warrior
  9566 | D:9      | Noticed a skeletal warrior
  9566 | D:9      | Noticed a skeletal warrior
  9567 | D:9      | Noticed a skeletal warrior
  9567 | D:9      | Noticed a skeletal warrior
  9748 | D:9      | Reached skill level 6 in Dodging
  9908 | D:9      | Identified a scroll of acquirement
  9908 | D:9      | Acquired an amulet of guardian spirit
  9968 | D:9      | Found Kupa's Book Boutique.
 10019 | D:9      | Killed a skeletal warrior
 10020 | D:9      | Reached skill level 8 in Fighting
 10023 | D:9      | Killed a skeletal warrior
 10024 | D:9      | Reached skill level 9 in Shapeshifting
 10027 | D:9      | HP: 20/108 [skeletal warrior/+0 glaive (21)]
 10028 | D:9      | Killed a skeletal warrior
 10029 | D:9      | Reached XP level 11. HP: 22/77 MP: 2/11
 10029 | D:9      | HP: 8/115 [skeletal warrior/+0 glaive (14)]
 10029 | D:9      | Mangled by a skeletal warrior

Vanquished Creatures
  3 skeletal warriors (D:9)
  Jeremiah (D:7)
  2 trolls (D:9)
  2 wyverns (D:7)
  A steam dragon (D:8)
  2 water moccasins
  Duvessa (D:4)
  3 ice beasts
  A black bear (D:5)
  An ogre (D:6)
  2 centaurs
  3 phantoms
  A weeping skull (Ossuary)
  2 kobold brigands (D:9)
  3 bullfrogs
  2 scorpions (D:5)
  2 water moccasin zombies (Ossuary)
  9 wights
  Dowan (D:4)
  4 howler monkeys
  4 bombardier beetles
  4 crimson imps (D:4)
  3 bullfrog skeletons (D:7)
  3 orc priests
  3 hounds
  A gnoll bouda (D:6)
  3 jellies
  An iguana (D:4)
  Jessica (D:2)
  Ijyb (D:5)
  Natasha (thrice) (D:2)
  6 orc wizards
  2 scorpion zombies (D:7)
  A killer bee zombie (D:7)
  2 crocodile zombies (Ossuary)
  2 mummies (Ossuary)
  9 gnolls
  A howler monkey skeleton (D:7)
  4 adders
  2 shadow imps
  2 white imps
  4 ufetubi
  4 adder zombies (Ossuary)
  4 dart slugs
  A ribbon worm (D:4)
  20 orcs
  4 bats
  8 endoplasms
  6 giant cockroaches
  8 goblins
  4 hobgoblins
  2 quokkas (D:1)
  8 ball pythons
  4 frilled lizards
  12 gnoll zombies (Ossuary)
  3 goblin skeletons (D:4)
  A goblin zombie (D:4)
  A hobgoblin zombie (D:4)
  4 jackal zombies (Ossuary)
  8 kobolds
  2 kobold zombies (D:4)
  7 orc zombies
  9 rats
228 creatures vanquished.

Table legend:
 A = Non-vault XP
 B = Vault XP
 C = Vault XP percentage of total XP
 D = Non-vault monster count
 E = Vault monster count
 F = Vault count percentage of total count
                 A         B        C        D         E       F
            +---------+---------+-------+---------+---------+-------
      Total |    6818 |    2497 |  26.8 |     159 |      69 |  30.3
            +---------+---------+-------+---------+---------+-------
        D:1 |      39 |       0 |   0.0 |      22 |       0 |   0.0
        D:2 |      85 |      72 |  45.9 |      13 |       2 |  13.3
        D:3 |     170 |       0 |   0.0 |      23 |       0 |   0.0
        D:4 |     381 |     430 |  53.0 |      23 |      16 |  41.0
        D:5 |     765 |     180 |  19.0 |      20 |       3 |  13.0
        D:6 |     604 |       0 |   0.0 |      14 |       0 |   0.0
        D:7 |    1382 |     996 |  41.9 |      25 |      12 |  32.4
        D:8 |     659 |       0 |   0.0 |       9 |       0 |   0.0
        D:9 |    2733 |     431 |  13.6 |      10 |       3 |  23.1
    Ossuary |       0 |     388 | 100.0 |       0 |      33 | 100.0
            +---------+---------+-------+---------+---------+-------

Skill      XL: |  1  2  3  4  5  6  7  8  9 10 |
---------------+-------------------------------+-----
Stealth        | 2 3 5 |  5.0
Fighting       | 3 4 5 6 8 |  8.0
Shapeshifting  | 4 6 8 9 |  9.5
Throwing       | 2 6 |  6.0
Unarmed Combat | 4 6 |  6.0
Dodging        | 3 6 |  6.0

Action                     |  1- 3 |  4- 6 |  7- 9 | 10-12 || total
---------------------------+-------+-------+-------+-------++-------
  Melee: Unarmed           |    48 |   103 |    99 |       ||   250
         Tentacles         |    12 |    18 |    69 |    21 ||   120
         Constrict         |    11 |    26 |    70 |    21 ||   128
         Punch             |       |    13 |    24 |    10 ||    47
         Short sword       |       |       |   185 |    80 ||   265
  Throw: Dart              |       |       |     6 |     7 ||    13
 Invoke: Potion Petition   |       |       |       |     1 ||     1
  Evoke: Wand              |       |       |     3 |     6 ||     9
    Use: Scroll            |       |     3 |     5 |     8 ||    16
         Potion            |       |     2 |     1 |     1 ||     4
   Stab: Sleeping          |    12 |     8 |    10 |     3 ||    33
         Paralysed         |       |       |     3 |       ||     3
 Armour: Skin              |    15 |    52 |   143 |    45 ||   255
  Dodge: Dodged            |    25 |    58 |   154 |    47 ||   284

Illustrated notes

Table legend:
 A = Kills in this place as a percentage of kills in the entire game.
 B = Kills by you in this place as a percentage of kills by you in the entire game.
 C = Kills by friends in this place as a percentage of kills by friends in the entire game.
 D = Other kills in this place as a percentage of other kills in the entire game.
 E = Experience gained in this place as a percentage of experience gained in the entire game.
 F = Experience gained in this place divided by the number of levels of this place that you have seen.
                   A       B       C       D       E      F
               +-------+-------+-------+-------+-------+----------------------
         Total | 100.0 | 100.0 |   N/A |   N/A | 100.0 | 846.8
       Dungeon |  85.5 |  85.5 |   N/A |   N/A |  95.8 | 991.9
       Ossuary |  14.5 |  14.5 |   N/A |   N/A |   4.2 | 388.0
               +-------+-------+-------+-------+-------+----------------------

Table legend: (Time is in decaauts)
 A = Elapsed time spent in this place.
 B = Non-inter-level travel time spent in this place.
 C = Inter-level travel time spent in this place.
 D = Time resting spent in this place.
 E = Time spent auto-exploring this place.
 F = Levels seen in this place.
 G = Mean time per level.
                   A        B        C        D        E       F      G
               +--------+--------+--------+--------+--------+-----+--------+
         Total |  10022 |   9659 |    363 |   2185 |   5341 |  11 |  911.1 |
       Dungeon |   9574 |   9244 |    330 |   2058 |   5237 |   9 | 1063.8 |
        Temple |     34 |      1 |     33 |      0 |      0 |   1 |   34.0 |
       Ossuary |    413 |    413 |      0 |    127 |    104 |   1 |  413.0 |
               +--------+--------+--------+--------+--------+-----+--------+

Top non-repeatable levels by time:
     D:4: 1554 daAuts
     D:7: 1463 daAuts
     D:5: 1196 daAuts
     D:6: 1118 daAuts
     D:2: 1104 daAuts
     D:8: 968 daAuts
     D:1: 944 daAuts
     D:3: 626 daAuts
     D:9: 597 daAuts
 Ossuary: 413 daAuts
  Temple: 34 daAuts
